 Dungeon Crawl Stone Soup version 0.29.1-15-g9cfb28693d (webtiles) character file.

Game seed: 4242164071610607113

1996 growler the Martial Artist (level 9, -3/70 (78) HPs)
             Began as a Merfolk Transmuter on Mar 10, 2023.
             Slain by a wight
             ... wielding a +3 great sword
              (14 damage)
             ... on level 7 of the Dungeon.
             The game lasted 00:10:43 (6986 turns).

growler the Martial Artist (Merfolk Transmuter)     Turns: 6986, Time: 00:10:44

HP:   -3/70 (78)    AC:  7    Str: 11    XL:     9   Next: 21%
MP:   12/15         EV: 10    Int: 17    God:
Gold: 461           SH:  0    Dex: 16    Spells: 6/16 levels left

rFire   x . .      SeeInvis +     - Unarmed
rCold   + + +      Faith    .   (shield currently unavailable)
rNeg    . . .      Spirit   .   (body armour currently unavailable)
rPois   +          Reflect  .   (helmet currently unavailable)
rElec   .          Harm     .   (cloak currently unavailable)
rCorr   .          Rampage  .   (gloves currently unavailable)
Will    .....                   (boots currently unavailable)
Stlth   +.........              (no amulet)
HPRegen 0.21/turn               h - ring of wizardry
MPRegen 0.14/turn               t - ring "Erot Podafuo" {Int+3 SInv}

@: ice-form, drained
A: freezing attack, boosted hp, large, (nimble swimmer 2), (mertail)
a: End Transformation


You were on level 7 of the Dungeon.
You were a creature of crystalline ice.
You visited 2 branches of the dungeon, and saw 8 of its levels.

You collected 461 gold pieces.

Inventory:

Missiles
 r - a throwing net
Armour
 a - a +0 robe (melded)
 c - a +0 pair of gloves (melded)
 g - a +0 pair of boots (melded)
 A - a +0 helmet (melded)
Jewellery
 b - a +6 ring of intelligence
 h - a ring of wizardry (left front paw)
 t - the ring "Erot Podafuo" (right front paw) {Int+3 SInv}
   (You found it on level 3 of the Dungeon)

   [ring of see invisible]

   Int:       It affects your intelligence (+3).
   SInv:      It lets you see invisible.
Wands
 y - a wand of mindburst (11)
Scrolls
 d - 2 scrolls of magic mapping {unknown}
 e - a scroll of brand weapon {unknown}
 f - a scroll of silence {unknown}
 i - 2 scrolls of noise {unknown}
 l - 2 scrolls of vulnerability {unknown}
 n - 2 scrolls of fear
 o - a scroll of teleportation {unknown}
 p - 2 scrolls of fog {unknown}
 v - 2 scrolls of enchant weapon {unknown}
 w - a scroll of torment {unknown}
 z - 2 scrolls of enchant armour {unknown}
 B - 2 scrolls of identify
 E - 3 scrolls of summoning {unknown}
Potions
 j - 4 potions of magic
 k - a potion of mutation {unknown}
 m - a potion of brilliance
 q - a potion of haste
 s - a potion of invisibility
 u - 4 potions of curing
 x - a potion of resistance
 C - a potion of might {unknown}
 D - a potion of ambrosia {unknown}


   Skills:
 + Level 3.7 Fighting
 - Level 2.7 Dodging
 + Level 10.6 Unarmed Combat
 - Level 4.0 Spellcasting
 + Level 5.9 Transmutations
 + Level 3.3 Ice Magic


You had 6 spell levels left.
You knew the following spells:

 Your Spells              Type           Power      Damage    Failure   Level
a - Beastly Appendage     Tmut           46%        N/A       1%          1
b - Wereblood             Tmut           23%        N/A       1%          2
c - Spider Form           Tmut/Pois      13%        N/A       6%          3
d - Ice Form              Ice/Tmut       19%        N/A       10%         4

Your spell library contained the following spells:

 Spells                   Type           Power      Damage    Failure   Level
 Dazzling Flash           Conj/Hex       6%         N/A       19%         3
 Stone Arrow              Conj/Erth      6%         3d7       19%         3
 Animate Armour           Summ/Erth      6%         N/A       50%         4
 Iskenderun's Mystic Bla  Conj/Tloc      3%         2d3       50%         4
 Starburst                Conj/Fire      1%         6d3       100%        6
 Lehudib's Crystal Spear  Conj/Erth      1%         10d2      100%        8


Dungeon Overview and Level Annotations

Branches:
Dungeon (7/15)             Temple (1/1) D:5

Altars:
Ashenzari
Cheibriados
Elyvilon
Fedhas
Hepliaklqana
Kikubaaqudgha
Makhleb
Nemelex Xobeh
Okawaru
Qazlal
Sif Muna
Trog
Uskayaw
Vehumet
Xom
Yredelemnul
Zin

Shops:
D:5 =


Innate Abilities, Weirdness & Mutations

You are a creature of crystalline ice.
You have a powerful freezing melee attack.
Your maximum health is increased.
Your armour is entirely melded.
You are incapable of wielding weapons or throwing items.
((You are very nimble when in or above water. (Stealth+, EV+, Speed+++)))
((Your lower body shifts to a powerful aquatic tail in water.))


Message History

The steam dragon is severely wounded.
You are engulfed in a cloud of scalding steam.
You punch the steam dragon! You freeze the steam dragon.
You kill the steam dragon!
The steam dragon scales are intact enough to wear.
You are engulfed in a cloud of scalding steam.
A wight comes into view. It is wielding a +0 short sword.
The wight hits you with a +0 spear.
Things that are here:
+0 steam dragon scales; a steam dragon corpse You punch the wight!
The wight is heavily damaged.
The wight hits you with a +3 great sword.
You feel drained.
A wight comes into view. It is wielding a +0 halberd.
The wight barely misses you.
You barely miss the wight.
The wight is heavily damaged.
The wight completely misses you. The wight hits you with a +0 spear.
The wight attacks as you move away! The wight barely misses you.
The wight attacks as you move away!
The wight hits you with a +3 great sword!
You feel drained.
The wight hits you from afar with a +0 spear.
You feel drained.
You hit the wight but do no damage. The wight hits you but does no damage.
The wight hits you from afar with a +0 spear.
You feel drained.
You hit the wight.
The wight is lightly damaged.
You punch the wight! You freeze the wight.
The wight is almost destroyed.
The wight hits you with a +3 great sword!
* * * LOW HITPOINT WARNING * * *
You feel drained.
* * * LOW HITPOINT WARNING * * *
The wight barely misses you. The wight attacks as you move away!
The wight hits you with a +3 great sword!
You die...

.....#.#... #.......#
#.'..))..
######.####.#.##.##.#
#.#...... #
#.........#.##.##.#
#.#......
#.##.######.##.##.#
#.#...... #.##.#
#.##.##.# #.#......
#.##.#
#.##.##.#####>#######
#.##.######.##.##.......#
#.##<.......##.##########
#.############Y# #.#
###### #z# #.###....#
#zz...... #...'....+
+.....z.. #####....#
#......=. #....#
#........ #....#
#........ #...)#
#........ #....#
##########


You could see 3 wights.

Vanquished Creatures
  A hornet (D:5)
  Eustachio (D:6)
  A steam dragon (D:7)
  2 ice beasts (D:6)
  3 black bears
  3 phantoms
  A bullfrog (D:7)
  A scorpion (D:5)
  A howler monkey (D:5)
  2 jellies (D:5)
  3 hounds
  3 orc priests
  2 iguanas (D:6)
  5 orc wizards
  Terence (D:2)
  4 gnolls (D:3)
  8 adders
  A shadow imp (D:7)
  A white imp (D:6)
  2 ufetubi
  2 worms (D:4)
  3 dart slugs
  9 orcs
  7 endoplasms
  5 giant cockroaches (D:1)
  4 hobgoblins
  2 quokkas
  3 ball pythons
  5 bats
  4 frilled lizards
  7 goblins
  5 kobolds
  7 rats
109 creatures vanquished.

Vanquished Creatures (others)
  A human (D:4)
1 creature vanquished.

Grand Total: 110 creatures vanquished

Notes
Turn   | Place    | Note
-------+----------+-------------------------------------------
     0 | D:1      | growler the Merfolk Transmuter began the quest for the Orb.
     0 | D:1      | Reached XP level 1. HP: 15/15 MP: 3/3
    92 | D:1      | Reached XP level 2. HP: 20/21 MP: 3/5
    95 | D:1      | Learned a level 2 spell: Wereblood
   216 | D:1      | Found a faded altar of an unknown god.
   778 | D:1      | Reached XP level 3. HP: 26/26 MP: 4/6
   782 | D:1      | Learned a level 3 spell: Spider Form
   972 | D:2      | Noticed Terence
   982 | D:2      | Killed Terence
   983 | D:2      | Reached skill level 4 in Unarmed Combat
  1406 | D:3      | Reached XP level 4. HP: 28/32 MP: 2/8
  1408 | D:3      | Noticed a phantom
  1423 | D:3      | Killed a phantom
  1424 | D:3      | Reached skill level 5 in Unarmed Combat
  1424 | D:3      | Reached XP level 5. HP: 20/37 MP: 1/9
  1865 | D:3      | Identified the ring "Erot Podafuo" {Int+3 SInv}
  1913 | D:3      | Reached skill level 6 in Unarmed Combat
  1913 | D:3      | Reached XP level 6. HP: 38/43 MP: 10/10
  2340 | D:4      | Learned a level 4 spell: Ice Form
  2421 | D:4      | Found a shimmering altar of Xom.
  2654 | D:4      | Found an ancient bone altar of Kikubaaqudgha.
  2656 | D:4      | Noticed a human
  2658 | D:4      | Killed a human
  3252 | D:4      | Reached skill level 7 in Unarmed Combat
  3473 | D:5      | Entered Level 5 of the Dungeon
  3518 | D:5      | Reached XP level 7. HP: 31/48 MP: 9/11
  3625 | D:5      | Noticed a hornet
  3633 | D:5      | Killed a hornet
  3634 | D:5      | Reached skill level 8 in Unarmed Combat
  3914 | D:5      | Reached skill level 9 in Unarmed Combat
  4037 | D:5      | Found a staircase to the Ecumenical Temple.
  4046 | Temple   | Entered the Ecumenical Temple
  4139 | D:5      | Reached XP level 8. HP: 33/54 MP: 12/12
  4402 | D:5      | Found Socotein's Jewellery Shoppe.
  4635 | D:5      | Reached skill level 10 in Unarmed Combat
  4921 | D:6      | HP: 2/54 [orc wizard/+0 dagger (1)]
  5220 | D:6      | Reached skill level 1 in Ice Magic
  5880 | D:6      | Reached skill level 5 in Transmutations
  5928 | D:6      | Identified the +7 dagger of Zaodue {flame, Dex+3 Stlth+}
  6056 | D:6      | Found a radiant altar of Vehumet.
  6331 | D:6      | Noticed Eustachio
  6340 | D:6      | Killed Eustachio
  6341 | D:6      | Reached XP level 9. HP: 58/64 MP: 10/14
  6986 | D:7      | Slain by a wight

Illustrated notes

Levels and vault maps discovered:
D:1:      scummos_arrival_hexagon, layout_loops_ring,
          ebering_ecumenical_altar_sacrificial, st_stairs_12,
          minmay_tetromino_l2
D:2:      layout_rooms, uniq_terence
D:3:      layout_loops_ring
D:4:      layout_loops_ring, tgw_kikubaaqudgha, mainiacjoe_overflow_brackets,
          cheibrodos_sewer_entry_bend, minmay_misc_feat_plants
D:5:      layout_basic, minmay_temple_entry_junction_2, minmay_shop_grid_forest
D:6:      layout_loops_cross, mainiacjoe_overflow_alcove_4, minmay_liquid_box,
          uniq_eustachio
D:7:      layout_basic, enter_ossuary_2
Temple:   eino_temple_lava

Skill      XL: |  1  2  3  4  5  6  7  8  9 |
---------------+----------------------------+-----
Transmutations | 3 4 5 |  5.9
Unarmed Combat | 4 5 6 7 9 10 | 10.6
Spellcasting   | 3 4 |  4.0
Ice Magic      | 2 3 |  3.3
Fighting       | 3 |  3.7
Dodging        | |  2.7

Action                   |  1- 3 |  4- 6 |  7- 9 || total
-------------------------+-------+-------+-------++-------
Melee: Unarmed           |   107 |   163 |   137 ||   407
       Headbutt          |    13 |    18 |     4 ||    35
       Punch             |     2 |     3 |     6 ||    11
       Tailslap          |       |     2 |       ||     2
 Cast: Beastly Appendage |    14 |    12 |     8 ||    34
       Spider Form       |     2 |     1 |    11 ||    14
       Wereblood         |     1 |       |     3 ||     4
       Ice Form          |       |       |     4 ||     4
  Use: Scroll            |       |     7 |       ||     7
       Potion            |       |       |     2 ||     2
 Stab: Sleeping          |     1 |     1 |       ||     2
Armor: Robe              |    24 |    36 |    10 ||    70
       Skin              |       |       |    19 ||    19
Dodge: Dodged            |    77 |    86 |    95 ||   258
